Map: Cyber Forest LE

Players

Serral - Winner!

  • Race: Zerg Zerg
  • League: Master
  • Spawn Location: 11:00

Namshar

  • Race: Zerg Zerg
  • League: Grandmaster
  • Spawn Location: 5:00

Event: 2019 WCS Winter Europe

VOD

Have the link to the VOD?

Description

Time

  • Played on: Feb. 9, 2019, 11:21 a.m.
  • Length: 5:09

All games in this series

Show
View Real Time Build Order
Export as new Build Order

Serral Zerg - Winner!

Build Orders: Pool First, Roach Nydus 

Get SALT Encoding   

  12  0:17  Spawning Pool  
  11  0:22  Drone  
  11  0:26  Drone  
  13  0:31  Drone  
  14  0:40  Overlord  
  14  1:03  Zergling x4  
  16  1:05  Zergling x2  
  17  1:15  Zergling x2  
  18  1:20  Hatchery  
  17  1:26  Zergling x2  
  17  1:32  Queen  
  18  1:37  Drone  
  21  1:47  Overlord  
  21  1:59  Drone  
  22  2:08  Extractor  
  22  2:09  Drone  
  22  2:10  Queen  
  24  2:21  Drone  
  20  2:32  Queen, Zergling x2  
  20  2:33  Drone  
  24  2:42  Drone x3  
  27  2:59  Drone x3  
  30  3:11  Drone x2  
  32  3:16  Drone x2  
  32  3:18  Lair  
  34  3:20  Drone x2  
  34  3:24  Overlord  
  36  3:28  Extractor  
  36  3:32  Evolution Chamber  
  34  3:37  Drone x2  
  36  3:46  Roach Warren, Drone x2  
  37  3:51  Drone x2  
  37  3:55  Overlord  
  39  3:59  Drone  
  39  4:00  Drone  
  40  4:06  Overlord  
  40  4:17  Nydus Network  
  41  4:25  Roach x4  
  47  4:32  Roach x2  
  47  4:36  Roach  
  47  4:37  Extractor  
  52  4:40  Roach  
  54  4:53  Nydus Canal  
Show
View Real Time Build Order
Export as new Build Order

Namshar Zerg 

Build Orders: Hatch First 

Get SALT Encoding   

  12  0:00  Drone  
  13  0:12  Overlord  
  13  0:16  Drone  
  14  0:30  Drone  
  14  0:31  Drone  
  16  0:47  Hatchery  
  15  0:51  Drone  
  15  0:55  Drone  
  17  0:58  Drone  
  18  1:12  Spawning Pool  
  17  1:31  Hatchery  
  16  1:34  Drone  
  16  1:37  Drone  
  18  1:41  Drone  
  19  1:59  Zergling x2  
  19  2:00  Queen, Zergling x4  
  24  2:08  Zergling x2  
  25  2:21  Drone  
  17  2:33  Drone  
  19  2:37  Drone  
  19  2:41  Drone  
  20  2:44  Drone  
  20  2:50  Drone  
  22  2:54  Drone  
  22  2:57  Drone  
  24  3:00  Drone  
  25  3:10  Drone x3  
  28  3:15  Drone  
  28  3:16  Drone  
  30  3:20  Drone x2  
  30  3:26  Overlord  
  32  3:29  Drone  
  32  3:31  Drone  
  33  3:46  Extractor  
  33  3:47  Extractor, Drone x6  
  33  3:48  Drone  
  37  3:54  Queen  
  39  4:00  Overlord  
  39  4:03  Drone x2  
  39  4:09  Overlord  
  41  4:13  Evolution Chamber, Overlord  
  40  4:21  Drone  
  41  4:29  Drone x8  
  49  4:38  Overlord  
  49  4:39  Drone  
  49  4:40  Drone  
  51  4:48  Roach Warren  
  51  4:50  Drone  
  51  4:51  Drone  
  51  4:52  Drone  
Tags
 
Add a new tag
Caveats
  • Supply blocks, unpowered buildings, or Contaminate may cause inaccurate times.
  • Supply counts are checked every 10 seconds.